 Dungeon Crawl Stone Soup version 0.31-a0-233-g139696dc86 (webtiles) character file.

Game seed: 7570580261709063151

18041 olmar the Basher (level 12, -4/110 HPs)
             Began as an Armataur Fighter on July 9, 2023.
             Was an Initiate of Gozag.
             Slain by a three-headed hydra simulacrum (33 damage)
             ... in an ice cave.
             The game lasted 00:19:46 (14392 turns).

olmar the Basher (Armataur Fighter)                Turns: 14392, Time: 00:19:47

Health: -4/110     AC: 18    Str: 25    XL:     12   Next: 24%
Magic:  12/12      EV: 10    Int: 10    God:    Gozag
Gold:   1802       SH:  0    Dex: 10    Spells: 11/11 levels left

rFire   . . .        O - +4 dire flail (freeze)
rCold   . . .        (shield currently unavailable)
rNeg    . . .        E - +1 plate armour of Restlessness {rCorr Stlth+}
rPois   .            (no helmet)
rElec   .            (no cloak)
rCorr   +            o - +0 pair of gloves
SInv    .            (no barding)
Will    +....        (no amulet) Stlth
                     f - +5 ring of evasion
HPRegen 0.38/turn    m - ring of protection from cold
MPRegen 0.13/turn

%: roll
@: gold aura
A: large, rugged brown scales 3, deformed body, armoured tail, roll, long
tongue, awkward tongue, iridescent scales 1, strong-willed 1, cold vulnerability
1
a: Renounce Religion, Potion Petition, Call Merchant, Bribe Branch


You were in an ice cave.
You worshipped Gozag.
Gozag was most pleased with you.
You visited 2 branches of the dungeon, and saw 12 of its levels.
You also visited: Bailey and Ice Cave.

You collected 2870 gold pieces.
You spent 765 gold pieces at shops.
You paid 303 gold pieces to Gozag.

Inventory:

Hand Weapons
 a - a +0 flail
 r - a +6 flail
 y - a +1 whip of flaming
 O - a +4 dire flail of freezing (weapon)
 P - a +4 mace
Missiles
 k - 18 javelins (quivered)
 v - 7 silver javelins
 B - 28 poisoned darts
Armour
 b - a +0 scale mail
 c - a +0 buckler
 o - a +0 pair of gloves (worn)
 x - a +0 chain mail
 z - a +4 chain mail
 D - a +0 kite shield
 E - the +1 plate armour of Restlessness (worn) {rCorr Stlth+}
   (You found it on level 9 of the Dungeon)

   rCorr:     It protects you from acid and corrosion.
   Stlth:     It makes you more stealthy.
 F - a +0 plate armour
Jewellery
 f - a +5 ring of evasion (left hand)
 m - a ring of protection from cold (right hand)
 s - a ring of see invisible
 u - a ring of fire
 H - a ring of poison resistance
 J - a ring of resist corrosion
 S - the ring of Ceyr {Fire Will+ Int-4 Dex+2}
   (You found it on level 10 of the Dungeon)

   [ring of fire]

   It enhances your fire magic.
   Int:       It affects your intelligence (-4).
   Dex:       It affects your dexterity (+2).
   rF:        It protects you from fire.
   rC:        It makes you vulnerable to cold.
   Will:      It increases your willpower.
 T - a ring of positive energy
Wands
 w - a wand of flame (42)
 M - a wand of paralysis (11)
 U - a wand of acid (4)
Scrolls
 e - 2 scrolls of immolation
 g - 6 scrolls of enchant armour
 h - a scroll of enchant weapon {unknown}
 t - 2 scrolls of fog
 A - a scroll of noise
 C - 4 scrolls of teleportation
 G - 3 scrolls of vulnerability
 R - 2 scrolls of amnesia
 X - 2 scrolls of poison
Potions
 d - 4 potions of might
 i - 3 potions of cancellation
 j - a potion of enlightenment
 n - 6 potions of mutation
 p - 3 potions of attraction
 q - a potion of lignification
 I - a potion of resistance
 K - a potion of brilliance {unknown}
 L - 2 potions of heal wounds
 N - 2 potions of degeneration
Miscellaneous
 W - a tin of tremorstones (inert)


   Skills:
 + Level 8.7 Fighting
 + Level 13.1 Maces & Flails
 + Level 12.9 Armour
 - Level 6.3 Shields
 + Level 1.4 Evocations


You had 11 spell levels left.
You didn't know any spells.
Your spell library contained the following spells:

 Spells                   Type           Power      Damage    Failure   Level
 Apportation              Tloc           0%         N/A       97%         1
 Freeze                   Ice            0%         1d3       97%         1
 Necrotise                Necr           0%         1d4       97%         1
 Sandblast                Erth           0%         2d4       97%         1
 Summon Small Mammal      Summ           0%         N/A       97%         1
 Cigotuvi's Dreadful Rot  Necr/Pois/Air  0%         N/A       99%         2
 Passwall                 Tmut/Erth      0%         N/A       99%         2
 Scorch                   Fire           0%         2d5       99%         2
 Sublimation of Blood     Necr           0%         N/A       99%         2
 Wereblood                Tmut           0%         N/A       99%         2
 Frozen Ramparts          Ice            0%         1d1       100%        3
 Hailstorm                Conj/Ice       0%         3d3       100%        3
 Ignite Poison            Fire/Tmut/Pois 0%         N/A       100%        3
 Portal Projectile        Hex/Tloc       0%         N/A       100%        3
 Stone Arrow              Conj/Erth      0%         3d7       100%        3
 Summon Guardian Golem    Hex/Summ       0%         N/A       100%        3
 Tukima's Dance           Hex            0%         N/A       100%        3
 Anguish                  Hex/Necr       0%         N/A       100%        4
 Cause Fear               Hex            0%         N/A       100%        4
 Flame Wave               Conj/Fire      0%         2d4       100%        4
 Ice Form                 Ice/Tmut       0%         N/A       100%        4
 Blade Hands              Tmut           0%         N/A       100%        5
 Fireball                 Conj/Fire      0%         3d3       100%        5
 Freezing Cloud           Conj/Ice/Air   0%         6-21      100%        5
 Iskenderun's Battlesphe  Conj           0%         2d6       100%        5
 Conjure Ball Lightning   Conj/Air       0%         3x3d6     100%        6
 Summon Cactus Giant      Summ           0%         N/A       100%        6
 Enfeeble                 Hex            0%         N/A       100%        7
 Orb of Destruction       Conj           0%         9d5       100%        7
 Spellforged Servitor     Conj/Summ      0%         N/A       100%        7
 Summon Hydra             Summ           0%         N/A       100%        7
 Simulacrum               Ice/Necr       Unusable   N/A       N/A         6

Dungeon Overview and Level Annotations

Branches:
Dungeon (11/15)            Temple (0/1) D:7            Lair (1/5) D:11
    Orc (0/2) D:11         Bailey (visited)           IceCv (1/1)

Altars:
Ashenzari
Cheibriados
Gozag
Hepliaklqana
Qazlal
Ru
Sif Muna
Uskayaw
Zin
The Shining One

Shops:
D:7 !   D:9 [

Annotations:
D:8 3 runed translucent doors, Shard1697's ghost, novice AtFi
Lair:1 lordvenom1's ghost, journeyman DECj


Innate Abilities, Weirdness & Mutations

You are completely covered in rugged brown scales. (AC +3, +7% HP)
Armour fits poorly on your strangely shaped body.
You have a long armoured tail.
You roll when moving toward enemies. (Rampage)
Your long tongue fully drains potion bottles. (2x potion effects)
Your tongue gives you trouble enunciating. (1.5x scroll delay)
You are partially covered in iridescent scales. (AC +2)
You are strong-willed. (Will+)
You are vulnerable to cold. (rC-)


Message History

The wolf simulacrum bites you but does no damage.
The wolf simulacrum barely misses you.
A wolf simulacrum is nearby!
You bludgeon the wolf simulacrum!!
The wolf simulacrum vaporises!
Unknown command.
You start resting.
A white imp is nearby!
A white imp is nearby!
A white imp is nearby!
Unknown command.
What are your orders? t - Shout!
Orders for allies: a - Attack new target. r - Retreat! s - Stop attacking. g - Guard the area. f - Follow me.
Anything else - Cancel.
You shout for attention!
Unknown command.
Really walk into that cloud of freezing vapour?
Okay, then.
A three-headed hydra simulacrum comes into view.
The white imp gestures at you. The puff of frost hits you!
Unknown command.
You puncture the white imp!
Your tail-slap misses the white imp.
The white imp is heavily wounded.
A naga simulacrum comes into view.
Unknown command.
You hit the three-headed hydra simulacrum.
You tail-slap the three-headed hydra simulacrum.
The three-headed hydra simulacrum is lightly damaged.
The white imp barely misses you.
The three-headed hydra simulacrum bites you.
The three-headed hydra simulacrum freezes you!!
The three-headed hydra simulacrum bites you!
* * * LOW HITPOINT WARNING * * *
The three-headed hydra simulacrum freezes you!!
You die...
Your body crumbles into a pile of gold.

..Z...
.....
Z... ...
..##
##Z..
##Z.#
#5Z##
#.@.##
##...##
##...#
##...#
#...##
##...##
##.....##
#..."...#
#.......#


You could see a white imp, a three-headed hydra simulacrum, a polar bear
simulacrum, a naga simulacrum and a two-headed ogre simulacrum.

Vanquished Creatures
  A centaur warrior (D:10)
  3 two-headed ogres
  An obsidian statue (D:10)
  3 cyclopes
  A manticore (D:11)
  5 elephants (Lair:1)
  A torpor snail (Lair:1)
  A cane toad (Lair:1)
  A troll (D:11)
  Prince Ribbit (D:8)
  5 blink frogs (Lair:1)
  2 dream sheep (Lair:1)
  A wraith (D:11)
  12 yaks
  2 wyverns
  A human (D:7)
  4 vampire mosquitoes (D:11)
  2 water moccasins
  An ice beast (D:6)
  3 sky beasts
  14 orc warriors
  A black bear (Lair:1)
  12 centaurs
  A lemure (D:7)
  2 kobold brigands (D:8)
  8 bullfrogs
  5 scorpions
  A gnoll sergeant (D:9)
  15 wights
  8 killer bees (D:9)
  An elephant simulacrum (Lair:1)
  An electric eel (Lair:1)
  2 howler monkeys
  2 lava snakes (D:9)
  8 hounds
  9 orc priests
  A gnoll bouda (D:8)
  An iron imp (D:5)
  4 jellies
  3 sleepcaps
  3 iguanas
  13 orc wizards
  A troll simulacrum (IceCv)
  2 wolf simulacra
  8 gnolls
  4 adders
  A naga simulacrum (IceCv)
  A shadow imp (D:7)
  A white imp (D:7)
  2 ufetubi
  2 worms
  8 dart slugs
  50 orcs
  6 bats
  3 endoplasms
  3 giant cockroaches
  6 hobgoblins
  11 jackals
  18 kobolds
  4 quokkas
  16 ball pythons
  3 frilled lizards
  11 goblins
  4 rats
331 creatures vanquished.

Vanquished Creatures (others)
  An orc warrior (D:8)
  A centaur (Bailey)
  A kobold (D:8)
3 creatures vanquished.

Grand Total: 334 creatures vanquished

Notes
Turn   | Place    | Note
-------+----------+-------------------------------------------
     0 | D:1      | olmar the Armataur Fighter began the quest for the Orb.
     0 | D:1      | Reached XP level 1. HP: 19/19 MP: 1/1
   180 | D:1      | Reached XP level 2. HP: 25/26 MP: 2/2
   494 | D:1      | Reached skill level 2 in Maces & Flails
   494 | D:1      | Reached XP level 3. HP: 25/32 MP: 3/3
  1153 | D:2      | Reached XP level 4. HP: 40/40 MP: 4/4
  1603 | D:3      | Found an opulent altar of Gozag.
  1732 | D:3      | Reached skill level 3 in Maces & Flails
  1861 | D:3      | Gained mutation: You are strong-willed. (Will+) [potion of
                  | mutation]
  1861 | D:3      | Gained mutation: You are vulnerable to cold. (rC-) [potion
                  | of mutation]
  1861 | D:3      | Gained mutation: You are partially covered in iridescent
                  | scales. (AC +2) [potion of mutation]
  1868 | D:3      | Reached XP level 5. HP: 32/48 MP: 5/5
  2145 | D:3      | Found a faded altar of an unknown god.
  2181 | D:3      | Became a worshipper of Gozag Ym Sagoz the Greedy
  2502 | D:4      | Reached skill level 4 in Maces & Flails
  2502 | D:4      | Reached XP level 6. HP: 47/54 MP: 6/6
  2649 | D:4      | Reached skill level 5 in Armour
  3166 | D:5      | Entered Level 5 of the Dungeon
  3205 | D:5      | Found a hide-covered altar of Uskayaw.
  3206 | D:5      | Found a glowing silver altar of Zin.
  3210 | D:5      | Found a glowing golden altar of the Shining One.
  3212 | D:5      | Reached skill level 5 in Maces & Flails
  3212 | D:5      | Reached XP level 7. HP: 48/62 MP: 7/7
  3798 | D:5      | Found a shimmering blue altar of Sif Muna.
  3897 | D:5      | Found a snail-covered altar of Cheibriados.
  4444 | D:6      | Reached skill level 6 in Maces & Flails
  4452 | D:6      | Reached skill level 5 in Shields
  4594 | D:6      | Reached XP level 8. HP: 70/70 MP: 8/8
  4926 | D:6      | Found a sacrificial altar of Ru.
  5127 | D:7      | Noticed Pikel
  5361 | D:7      | Pikel changed into Pikel the human
  5361 | D:7      | Noticed Pikel
  5377 | D:7      | Killed Pikel the human
  5378 | D:7      | Reached skill level 7 in Maces & Flails
  5557 | D:7      | Reached skill level 5 in Fighting
  5773 | D:7      | Reached XP level 9. HP: 65/71 MP: 9/9
  5801 | D:7      | Found a staircase to the Ecumenical Temple.
  5848 | D:7      | Found Ceda's Distillery.
  5857 | D:7      | Bought a potion of ambrosia for 120 gold pieces
  5857 | D:7      | Bought a potion of heal wounds for 75 gold pieces
  5857 | D:7      | Bought a potion of invisibility for 120 gold pieces
  5857 | D:7      | Bought 2 potions of mutation for 240 gold pieces
  5857 | D:7      | Bought a potion of might for 60 gold pieces
  5857 | D:7      | Bought 2 potions of might for 120 gold pieces
  5857 | D:7      | Bought 2 potions of degeneration for 30 gold pieces
  6123 | D:7      | Reached skill level 8 in Maces & Flails
  6599 | D:8      | Noticed Prince Ribbit
  6639 | D:8      | Killed Prince Ribbit
  6640 | D:8      | Reached skill level 9 in Maces & Flails
  6721 | D:8      | Found a flagged portal.
  6730 | Bailey   | Entered a bailey
  6792 | Bailey   | Reached XP level 10. HP: 73/88 MP: 10/10
  7015 | Bailey   | Reached skill level 10 in Maces & Flails
  9553 | D:8      | Found a stormy altar of Qazlal.
  9776 | D:8      | You fall into a shaft and drop 1 floor!
  9776 | D:9      | Found a faded altar of an unknown god.
  9777 | D:9      | Found a hazy altar of Hepliaklqana.
  9972 | D:9      | Noticed a cyclops
  9981 | D:9      | Killed a cyclops
 10352 | D:8      | Found a runed translucent gate.
 10355 | D:8      | Found a runed translucent gate.
 10355 | D:8      | Found a runed translucent gate.
 10355 | D:8      | Noticed Shard1697's ghost (novice AtFi)
 10716 | D:9      | Reached skill level 10 in Armour
 10731 | D:9      | Reached skill level 11 in Maces & Flails
 10797 | D:9      | Noticed a two-headed ogre
 10803 | D:9      | Killed a two-headed ogre
 10908 | D:9      | Reached XP level 11. HP: 95/98 MP: 11/11
 11073 | D:9      | Noticed a two-headed ogre
 11082 | D:9      | Killed a two-headed ogre
 11171 | D:9      | Identified the +1 plate armour of Restlessness {rCorr
                  | Stlth+}
 11337 | D:9      | Found Epnauq Xem's Antique Armour Shop.
 11512 | D:10     | Entered Level 10 of the Dungeon
 11540 | D:10     | Noticed a centaur warrior
 11549 | D:10     | Killed a centaur warrior
 11550 | D:10     | Reached skill level 1 in Evocations
 11797 | D:10     | Noticed a two-headed ogre
 11810 | D:10     | Killed a two-headed ogre
 11896 | D:10     | Found a broken altar of Ashenzari.
 11896 | D:10     | Identified the ring of Ceyr {Fire Will+ Int-4 Dex+2}
 12141 | D:10     | Noticed an obsidian statue
 12256 | D:10     | Killed an obsidian statue
 12850 | D:11     | Reached skill level 12 in Maces & Flails
 12893 | D:11     | Found a staircase to the Orcish Mines.
 13084 | D:11     | Found a staircase to the Lair.
 13940 | Lair:1   | Entered Level 1 of the Lair of Beasts
 14017 | Lair:1   | Reached XP level 12. HP: 50/110 MP: 12/12
 14043 | Lair:1   | Reached skill level 13 in Maces & Flails
 14081 | Lair:1   | Noticed a minotaur
 14081 | Lair:1   | Noticed lordvenom1's ghost (journeyman DECj)
 14089 | Lair:1   | Found a frozen archway.
 14125 | IceCv    | Entered an ice cave
 14392 | IceCv    | Slain by a three-headed hydra simulacrum

Illustrated notes

Levels and vault maps discovered:
D:1:      sevenhm_arrival_forest_fort_small_6, layout_basic
D:2:      minmay_alternating_diamond, layout_loops_ring,
          kennysheep_generic_room_4
D:3:      layout_rooms, nicolae_overflow_hidden_temple, serial_curves,
          eino_curves_02, eino_curves_01,
          shapermc_ecumenical_altar_mp_urbaneastern, minmay_between
D:4:      minmay_spotlight, layout_gridville
D:5:      layout_basic, grunt_temple_overflow_open, slow_altar_2,
          kennysheep_orc_sif_temple
D:6:      layout_loops_ring, nicolae_ru_path_of_blood
D:7:      layout_basic, minmay_temple_entry_hall, serial_shops,
          nicolae_shop_crystal, grunt_decor_mini_mirrors, grunt_ministairs_11,
          item_on_display_b, uniq_pikel
D:8:      layout_rooms, lemuel_doored_altar, gammafunk_ghost_nasty_kobolds,
          enter_bailey_3, corexii_hall_statues_s, uniq_prince_ribbit1
D:9:      layout_irregular_city, beargit_hepliaklqana_dungeon_heroes,
          serial_shops, shop, grunt_decor_junction,
          chequers_serial_rivers_large_b
D:10:     layout_small_grid, mainiacjoe_overflow_brackets, minivault_16
D:11:     layout_basic, lair_entry_dummy, minmay_orc_entry_temple_small
Lair:1:   hellmonk_ruined_rings, layout_gridlike,
          portal_ice_cave_entry_ice_simulacra, maelrawn_ghost_gauntlet_escape,
          basic_altar, grunt_forest_stairs_basic,
          nzn_masters_of_martial_movement
IceCv:    ice_cave_small_demon

Skill      XL: |  1  2  3  4  5  6  7  8  9 10 11 12 |
---------------+-------------------------------------+-----
Maces & Flails | 2 3 4 5 6 7 9 11 12 13 | 13.1
Armour         | 4 5 6 7 8 10 12 | 12.9
Fighting       | 3 4 5 7 8 |  8.7
Shields        | 4 5 6 |  6.3
Evocations     | 1 |  1.4

Action                     |  1- 3 |  4- 6 |  7- 9 | 10-12 || total
---------------------------+-------+-------+-------+-------++-------
  Melee: Flail             |   129 |   167 |   288 |       ||   584
         Tailslap          |     9 |    16 |    40 |    64 ||   129
         Dire flail        |       |       |   116 |   484 ||   600
  Throw: Throwing net      |       |     1 |       |       ||     1
         Javelin           |       |     1 |       |    20 ||    21
         Dart              |       |       |     2 |     2 ||     4
 Invoke: Potion Petition   |       |       |       |     1 ||     1
  Evoke: Wand              |       |       |     2 |     9 ||    11
         Tin of tremorston |       |       |       |     2 ||     2
    Use: Scroll            |     1 |     5 |     5 |    10 ||    21
         Potion            |       |     5 |     4 |     7 ||    16
   Stab: Held in net/web   |       |     1 |       |       ||     1
         Distracted        |       |     1 |     1 |       ||     2
         Invisible         |       |       |    12 |     4 ||    16
 Armour: Scale mail        |    75 |    64 |       |       ||   139
         Chain mail        |       |     1 |    62 |    59 ||   122
         Plate armour      |       |       |   130 |   219 ||   349
  Dodge: Dodged            |    93 |   119 |   184 |   256 ||   652
  Block: Buckler           |    34 |    42 |    60 |       ||   136

Table legend: (Time is in decaauts)
 A = Elapsed time spent in this place.
 B = Non-inter-level travel time spent in this place.
 C = Inter-level travel time spent in this place.
 D = Time resting spent in this place.
 E = Time spent auto-exploring this place.
 F = Levels seen in this place.
 G = Mean time per level.
                   A        B        C        D        E       F      G
               +--------+--------+--------+--------+--------+-----+--------+
         Total |  14365 |  13860 |    505 |   3715 |   7358 |  14 | 1026.1 |
       Dungeon |  11210 |  10705 |    505 |   1797 |   6877 |  11 | 1019.1 |
          Lair |    165 |    165 |      0 |      0 |      0 |   1 |  165.0 |
        Bailey |   2727 |   2727 |      0 |   1682 |    474 |   1 | 2727.0 |
      Ice Cave |    262 |    262 |      0 |    236 |      7 |   1 |  262.0 |
               +--------+--------+--------+--------+--------+-----+--------+

Top non-repeatable levels by time:
  Bailey: 2727 daAuts
     D:9: 1506 daAuts
     D:7: 1460 daAuts
    D:10: 1282 daAuts
     D:6: 1105 daAuts
    D:11: 1099 daAuts
     D:2: 948 daAuts
     D:3: 889 daAuts
     D:5: 883 daAuts
     D:1: 737 daAuts
     D:4: 680 daAuts
     D:8: 615 daAuts
   IceCv: 262 daAuts
  Lair:1: 165 daAuts
